Map: Automaton LE

Players

Smileblind

  • Race: Protoss Protoss
  • League: Silver
  • Spawn Location: 9:00

VOD

Have the link to the VOD?

Description

Time

  • Played on: Jan. 20, 2019, 11:16 p.m.
  • Length: 29:19
Show
View Real Time Build Order
Export as new Build Order

Smileblind Protoss 

Build Orders:  

Get SALT Encoding   

  12  0:08  Probe (Chrono Boost)  
  13  0:25  Probe (Chrono Boost)  
  14  0:36  Pylon  
  15  0:42  Probe (Chrono Boost)  
  15  1:00  Assimilator  
  15  1:03  Probe (Chrono Boost)  
  17  1:20  Probe (Chrono Boost)  
  17  1:21  Gateway  
  17  1:37  Probe (Chrono Boost)  
  18  1:54  Assimilator, Probe (Chrono Boost)  
  19  2:07  Pylon  
  20  2:11  Probe (Chrono Boost)  
  20  2:36  Forge  
  20  2:43  Cybernetics Core  
  20  2:52  Probe (Chrono Boost)  
  21  3:06  Zealot  
  21  3:09  Probe (Chrono Boost)  
  24  3:26  Probe (Chrono Boost)  
  24  3:28  Nexus  
  25  4:02  Photon Cannon  
  25  4:09  Photon Cannon  
  25  4:23  Shield Battery  
  25  4:24  Probe (Chrono Boost)  
  26  4:36  Probe (Chrono Boost)  
  29  4:48  Probe (Chrono Boost)  
  29  4:49  Warp Gate  
  29  4:55  Shield Battery  
  30  5:05  Probe (Chrono Boost)  
  31  5:17  Unknown, Pylon  
  32  5:21  Assimilator  
  32  5:22  Probe (Chrono Boost)  
  32  5:23  Assimilator, Probe (Chrono Boost)  
  33  5:35  Probe (Chrono Boost)  
  33  5:39  Probe (Chrono Boost)  
  35  5:45  Photon Cannon  
  35  5:48  Protoss Ground Weapons Level 1  
  35  6:07  Photon Cannon  
  35  6:10  Adept  
  37  6:34  Pylon  
  37  6:40  Robotics Facility  
  37  6:42  Probe (Chrono Boost)  
  37  6:46  Probe (Chrono Boost)  
  39  6:53  Probe (Chrono Boost)  
  40  7:01  Twilight Council  
  40  7:03  Probe (Chrono Boost)  
  40  7:06  Adept  
  43  7:25  Gateway  
  43  7:37  Stalker  
  45  8:01  Unknown x3  
  45  8:22  Unknown x2  
  39  8:36  Sentry  
  41  8:46  Nexus  
  41  8:50  Immortal  
  45  9:13  Pylon  
  45  9:16  Pylon  
  45  9:19  Probe (Chrono Boost)  
  46  9:30  Probe (Chrono Boost)  
  46  9:39  Stalker  
  49  9:44  Probe (Chrono Boost)  
  49  9:45  Immortal  
  49  9:46  Zealot  
  57  10:00  Probe (Chrono Boost)  
  57  10:01  Gateway  
  57  10:03  Gateway  
  57  10:05  Gateway  
  57  10:11  Shield Battery  
  57  10:17  Shield Battery, Probe (Chrono Boost)  
  58  10:23  Assimilator  
  58  10:29  Zealot  
  60  10:30  Assimilator  
  60  10:33  Charge  
  60  10:35  Stalker  
  62  10:40  Observer  
  62  10:45  Probe (Chrono Boost)  
  65  11:00  Photon Cannon  
  65  11:02  Probe (Chrono Boost)  
  65  11:08  Stargate  
  65  11:18  Probe (Chrono Boost)  
  66  11:20  Dark Shrine  
  66  11:29  Templar Archives  
  66  11:30  Probe (Chrono Boost)  
  67  11:41  Probe (Chrono Boost)  
  67  11:42  Stargate  
  64  11:53  Pylon  
  64  11:55  Probe (Chrono Boost)  
  59  12:12  Probe (Chrono Boost)  
  58  12:23  Zealot  
  58  12:24  Zealot x2  
  58  12:25  Zealot x2  
  68  12:40  Immortal  
  75  13:00  Probe (Chrono Boost), Oracle  
  76  13:10  Dark Templar  
  76  13:11  Probe (Chrono Boost)  
  79  13:22  Dark Templar  
  79  13:25  Probe (Chrono Boost)  
  79  13:28  Dark Templar  
  84  13:35  Immortal  
  84  13:36  Psionic Storm  
  88  13:45  Void Ray  
  90  14:15  High Templar x3  
  90  14:16  High Templar  
  98  14:20  Probe (Chrono Boost)  
  99  14:31  Probe (Chrono Boost)  
  99  14:38  Pylon  
  100  14:44  Probe (Chrono Boost)  
  101  14:59  Pylon  
  101  15:02  Pylon  
  101  15:03  Void Ray  
  101  15:05  Void Ray  
  101  15:06  Probe (Chrono Boost)  
  106  15:23  Probe (Chrono Boost)  
  107  15:43  Dark Templar  
  107  15:44  Dark Templar  
  107  15:46  Dark Templar  
  107  15:47  Dark Templar  
  115  16:03  Void Ray  
  115  16:04  Void Ray  
  123  16:18  Fleet Beacon  
  115  16:34  Immortal  
  115  16:39  Zealot x2  
  123  16:40  Zealot  
  125  17:03  Pylon  
  125  17:07  Pylon  
  125  17:17  Pylon  
  125  17:25  Probe (Chrono Boost)  
  125  17:28  Void Ray  
  130  17:32  Void Ray  
  130  17:38  Probe (Chrono Boost)  
  135  17:54  Probe (Chrono Boost)  
  136  18:00  Gateway  
  136  18:06  Nexus  
  137  18:11  Shield Battery, Probe (Chrono Boost)  
  137  18:14  Shield Battery  
  137  18:20  Shield Battery  
  137  18:28  Probe (Chrono Boost), Tempest  
  143  18:32  Tempest  
  148  18:55  Pylon  
  148  19:00  Pylon  
  148  19:28  Tempest  
  149  19:32  Tempest  
  146  20:28  Tempest  
  147  20:32  Tempest  
  149  20:42  Probe (Chrono Boost)  
  149  20:49  Protoss Air Weapons Level 1  
  157  20:54  Protoss Ground Weapons Level 2  
  157  20:59  Probe (Chrono Boost)  
  158  21:16  Probe (Chrono Boost)  
  158  21:17  Dark Templar x2  
  158  21:18  Dark Templar  
  165  21:24  Archon  
  165  21:28  Tempest  
  170  21:30  Probe (Chrono Boost)  
  170  21:32  Tempest  
  176  21:41  Probe (Chrono Boost)  
  176  21:49  Pylon  
  177  21:51  Pylon  
  177  21:53  Probe (Chrono Boost)  
  178  22:08  Gateway  
  134  22:10  Probe (Chrono Boost)  
  179  22:26  Probe (Chrono Boost)  
  179  22:28  Tempest  
  172  22:32  Tempest  
  126  23:02  Carrier  
  113  23:14  Dark Templar x2  
  113  23:15  Dark Templar x2  
  113  23:19  Zealot  
  103  23:28  Tempest, Unknown  
  102  23:52  Zealot  
  102  23:53  Zealot  
  102  23:58  Carrier  
  102  24:21  Probe (Chrono Boost)  
  109  24:32  Probe (Chrono Boost), Carrier  
  109  24:34  High Templar  
  109  24:35  High Templar x4  
  120  24:41  Zealot  
  120  24:45  Archon x2, Probe (Chrono Boost)  
  123  25:00  Probe (Chrono Boost)  
  123  25:06  Assimilator  
  123  25:08  Assimilator  
  130  25:11  Probe (Chrono Boost)  
  131  25:22  Probe (Chrono Boost)  
  131  25:28  Carrier  
  132  25:39  Probe (Chrono Boost)  
  133  25:48  Gateway  
  133  25:50  Gateway  
  133  25:53  Gateway  
  133  25:56  Probe (Chrono Boost)  
  140  26:00  Shield Battery  
  140  26:02  Carrier  
  140  26:03  Shield Battery  
  140  26:07  Shield Battery  
  140  26:11  Shield Battery  
  140  26:15  High Templar x3  
  140  26:16  Stargate  
  140  26:17  Stargate  
  146  26:20  Zealot  
  146  26:21  Zealot x2  
  152  26:37  Immortal  
  162  26:58  Carrier  
  162  27:08  Nexus  
  162  27:26  Pylon  
  162  27:29  Pylon  
  158  27:32  Immortal  
  158  27:33  Pylon  
  148  27:44  Zealot x2  
  148  27:45  Zealot x4  
  148  27:46  Zealot  
  148  27:47  Zealot  
  107  28:16  Zealot x3  
  107  28:17  Zealot x3  
  105  28:23  Dark Templar x3  
  96  29:04  Dark Templar  
Tags
 
League
Silver
Matchup
Co-op
Add a new tag
Caveats
  • Supply blocks, unpowered buildings, or Contaminate may cause inaccurate times.
  • Supply counts are checked every 10 seconds.